 Dungeon Crawl Stone Soup version 0.16.3-4-gc506b73efe (webtiles) character file.

45607 Tomb the Fighter (level 14, -7/106 HPs)
             Began as a Halfling Abyssal Knight on Nov 22, 2020.
             Was the Champion of Lugonu.
             Hit by a large rock thrown by a cyclops (29 damage)
             ... on level 14 of the Dungeon on Nov 26, 2020.
             The game lasted 03:16:30 (25400 turns).

Tomb the Fighter (Halfling Abyssal Knight)         Turns: 25400, Time: 03:16:30

Health: -7/106     AC:  0    Str: 16    XL:     14   Next: 72%
Magic:  22/25      EV: 23    Int: 11    God:    Lugonu [******]
Gold:   1420       SH:  0    Dex: 15    Spells: 2 memorised, 10 levels left

rFire  . . .     SeeInvis .     f - melded +4 dagger (elec)
rCold  . . .     Clarity  .     q - melded +2 ring mail {rC+}
rNeg   . . .     SustAb   .     P - melded +0 shield
rPois  .         Gourm    .     H - melded +2 helmet of the Moon {MR+ Int+2}
rElec  .         Spirit   .     B - melded +0 cloak
rCorr  .         Warding  .     g - melded +2 pair of gloves
rMut   .         Stasis   .     L - melded +0 pair of boots
MR     +....                    h - amulet of regeneration
Stlth  +.........               m - melded +3 ring of strength
                                y - melded +4 ring of dexterity

@: pig-form, very quick, somewhat resistant to hostile enchantments, very
unstealthy
A: mutation resistance 1
a: Depart the Abyss, Bend Space, Banish, Corrupt, Enter the Abyss, Renounce
Religion


You were on level 14 of the Dungeon.
You worshipped Lugonu.
Lugonu was exalted by your worship.
You were near starving.
You were a filthy swine.
You visited 3 branches of the dungeon, and saw 22 of its levels.
You visited the Abyss 1 time.

You collected 1686 gold pieces.
You spent 266 gold pieces at shops.

Inventory:

Hand weapons
 f - a +4 dagger of electrocution (melded)
 l - a +0 hunting sling
 u - a +0 blowgun
Missiles
 o - 10 sling bullets of frost
 r - 4 poisoned needles
 J - a poisoned tomahawk (quivered)
Armour
 g - a +2 pair of gloves (melded)
 q - a +2 ring mail of cold resistance (melded)
 B - a +0 cloak (melded)
 H - the +2 helmet of the Moon (melded) {MR+ Int+2}
   (You found it on level 4 of the Lair of Beasts)

   It affects your intelligence (+2).
   It affects your resistance to hostile enchantments.
 L - a +0 pair of boots (melded)
 P - a +0 shield (melded)
Jewellery
 h - an amulet of regeneration (around neck)
 k - an uncursed ring of protection from fire
 m - a +3 ring of strength (melded)
 p - an uncursed ring of wizardry
 y - a +4 ring of dexterity (melded)
 C - an uncursed ring of fire
 F - an uncursed ring of stealth
 N - an uncursed ring of wizardry
 U - an uncursed ring of ice
Magical devices
 d - a wand of slowing (3)
 e - a wand of draining (0)
 j - a wand of confusion (6)
 w - a wand of cold (0)
 x - a wand of flame (0)
 G - a wand of polymorph (12)
 M - a wand of paralysis (0)
 Q - a wand of enslavement (2)
 S - a wand of magic darts (0)
 X - a wand of fire (11)
Scrolls
 i - 6 scrolls of remove curse
 s - a scroll of amnesia {unknown}
 z - a scroll of fog
 A - a scroll of silence {unknown}
 K - 2 scrolls of magic mapping {unknown}
 V - a scroll of immolation {unknown}
Potions
 b - 2 potions of brilliance
 D - a potion of flight
 O - a potion of resistance {unknown}
Books
 a - a book of Air

   Spells                             Type                      Level
   a - Shock                          Conjuration/Air              1
   b - Swiftness                      Charms/Air                   2
   c - Repel Missiles                 Charms/Air                   2
   d - Flight                         Charms/Air                   3
   e - Static Discharge               Conjuration/Air              3
   f - Lightning Bolt                 Conjuration/Air              5
 W - a book of Debilitation

   Spells                             Type                      Level
   a - Corona                         Hexes                        1
   b - Slow                           Hexes                        2
   c - Inner Flame                    Hexes/Fire                   3
   d - Enslavement                    Hexes                        4
   e - Cause Fear                     Hexes                        4
   f - Leda's Liquefaction            Hexes/Earth                  4
Comestibles
 c - 9 bread rations
 n - 2 royal jellies
 v - 2 beef jerkies
 I - 14 fruits
 R - 10 chunks of flesh


   Skills:
 * Level 13.0 Fighting
 - Level 12.9 Short Blades
 - Level 7.0 Throwing
 - Level 2.1 Armour
 + Level 12.5 Dodging
 + Level 8.5 Shields
 - Level 2.8 Conjurations
 - Level 3.8 Charms
 - Level 3.9 Air Magic
 - Level 7.8 Invocations


You had 10 spell levels left.
You knew the following spells:

 Your Spells              Type           Power        Failure   Level  Hunger
a - Repel Missiles        Chrm/Air       #.....       14%         2    ###....
b - Shock                 Conj/Air       #...         12%         1    ##.....


Dungeon Overview and Level Annotations

Branches:
Dungeon (14/15)            Temple (0/1) D:6            Lair (6/8) D:10
  Swamp (0/5) Lair:4       Spider (0/5) Lair:6          Orc (2/4) D:10
  Slime: Lair:6-8    Vaults: D:13-14

Altars:
Fedhas
Okawaru
Vehumet
Zin
Beogh

Shops:
D:7 :   D:10 *   Orc:1 =

Annotations:
D:13 exclusion: oklob plant
D:14 Kirke
Lair:2 exclusion: fungus
Lair:6 exclusion: oklob plant
Abyss:1 Snorg


Innate Abilities, Weirdness & Mutations

You are small and have problems with some larger weapons.
You are somewhat resistant to further mutation.


Message History

You are too injured to fight recklessly!
You are too injured to fight recklessly!
You are too injured to fight recklessly!
You are too injured to fight recklessly!
The sphinx casts a spell.
Something smites you!
* * * LOW HITPOINT WARNING * * *
You hear some strange, mumbled words.
You feel a momentary urge to oink.
You are near starving!
The sphinx casts a spell.
Something smites you!
* * * LOW HITPOINT WARNING * * *
A cyclops comes into view.
The cyclops shouts!
The cyclops closely misses you.
The cyclops throws a large rock.
The large rock completely misses you.
You see here a large rock.
The cyclops throws a large rock.
The large rock hits you!!
You die...

## ##.##
############.#.#
#....H....(.h.#
#.####.#C###...###
#.###.###.###.#....
#.##.# #......####
#.###.###.###.#.... #H#
#.#<# #....#
#.####...####..§.###
#....H......§......####
######......§.§§§§......


You could see a sphinx and a cyclops.

Vanquished Creatures
  Josephine (D:11)
  Fannar (Orc:2)
  3 hydras
  Erica (D:11)
  A tengu warrior (D:13)
  The ghost of MordorOrchid the Thaumaturge, an experienced DEIE of Vehumet (D:9)
  2 unseen horrors
  4 hill giants
  2 orc knights
  5 ugly things (D:14)
  An orc sorcerer (Orc:1)
  A cyclops (D:13)
  A black mamba (Lair:5)
  Joseph (D:9)
  4 spiny frogs
  Psyche (D:9)
  A gargoyle (D:12)
  3 komodo dragons
  A tengu conjurer (D:13)
  A giant leech (Lair:5)
  2 two-headed ogres
  2 fire drakes
  Grinder (D:6)
  Prince Ribbit (D:6)
  2 ravens (D:13)
  3 trolls
  A boulder beetle (Lair:4)
  6 basilisks
  A shadow (D:11)
  A trapdoor spider (D:13)
  A deep elf mage (D:13)
  43 yaks
  6 hogs (D:14)
  4 hippogriffs
  6 wraiths
  A steam dragon (D:11)
  2 wargs
  12 wolves
  3 hungry ghosts
  A swamp worm (Lair:5)
  Menkaure (D:6)
  3 insubstantial wisps (Lair:6)
  4 water moccasins
  5 phantoms
  16 orc warriors
  7 porcupines
  3 sky beasts
  A necrophage (D:7)
  11 ogres
  A black bear (D:10)
  14 ice beasts
  16 crocodiles
  Duvessa (D:6)
  7 centaurs
  A big kobold (D:7)
  10 giant frogs
  10 killer bees
  6 scorpions
  6 wights
  A quasit (D:8)
  Dowan (D:6)
  7 crimson imps
  2 giant frog zombies
  6 hounds
  5 goliath beetles
  8 jellies
  10 iguanas
  A centaur zombie (D:9)
  A centaur skeleton (D:9)
  A giant frog skeleton (D:7)
  A wasp zombie (D:8)
  12 orc priests
  9 worker ants
  18 orc wizards
  Natasha (thrice) (D:5)
  12 sheep
  Ijyb (D:7)
  Jessica (D:2)
  A worker ant zombie (D:8)
  22 adders
  19 river rats
  4 gnolls (D:3)
  3 shadow imps
  3 giant mites
  2 worms
  2 adder zombies
  2 adder skeletons
  5 giant geckos
  An ooze (D:3)
  111 orcs
  2 ball pythons
  7 bats
  4 bat skeletons
  A bat zombie (D:5)
  10 giant cockroaches
  20 hobgoblins
  5 jackals
  20 quokkas
  A giant gecko skeleton (D:6)
  5 giant newts
  2 giant spores
  15 goblins
  23 kobolds
  A quokka skeleton (D:8)
  14 rats
  A plant (D:10)
664 creatures vanquished.

Vanquished Creatures (others)
  A hydra (Lair:2)
  A swamp dragon (Lair:4)
  2 orc knights (Orc:2)
  A centaur simulacrum (D:14)
  A deep elf mage (D:10)
  A yak (D:11)
  A hippogriff (Lair:1)
  4 vampire mosquitoes (Lair:6)
  An eye of draining (D:13)
  An orc warrior (D:10)
  An ogre (D:13)
  2 killer bees (D:7)
  A hound (Lair:3)
  An iguana (D:13)
  A sheep (Lair:4)
  An adder (D:7)
  An orc (Orc:2)
  3 giant spores
  A ballistomycete (D:11)
  10 fungi
  A plant (Lair:4)
37 creatures vanquished.

Grand Total: 701 creatures vanquished

Notes
Turn   | Place    | Note
--------------------------------------------------------------
     0 | Abyss:1  | Tomb, the Halfling Abyssal Knight, began the quest for the Orb.
     0 | Abyss:1  | Reached XP level 1. HP: 15/15 MP: 1/1
     0 | D:1      | Escaped the Abyss
   269 | D:1      | Reached skill level 3 in Short Blades
   292 | D:1      | Reached XP level 2. HP: 10/20 MP: 2/2
   739 | D:1      | Found an iron altar of Okawaru.
   763 | D:1      | Acquired Lugonu's first power
   879 | D:1      | Reached XP level 3. HP: 25/25 MP: 4/4
  1275 | D:1      | Reached skill level 4 in Short Blades
  1398 | D:2      | Noticed Jessica
  1407 | D:2      | Killed Jessica
  1609 | D:2      | Reached XP level 4. HP: 30/30 MP: 6/6
  1831 | D:2      | Found a blossoming altar of Fedhas.
  2677 | D:3      | Reached skill level 5 in Short Blades
  2677 | D:3      | Reached XP level 5. HP: 15/35 MP: 8/8
  3801 | D:4      | Reached XP level 6. HP: 41/41 MP: 11/11
  3944 | D:4      | Reached skill level 6 in Short Blades
  4202 | D:4      | Noticed a phantom
  4271 | D:4      | Killed a phantom
  4271 | D:4      | Acquired Lugonu's second power
  4271 | D:4      | Reached skill level 5 in Invocations
  4289 | D:4      | Reached XP level 7. HP: 45/45 MP: 13/13
  4813 | D:5      | Entered Level 5 of the Dungeon
  5358 | D:5      | Found a glowing silver altar of Zin.
  5432 | D:5      | Noticed Natasha
  5439 | D:5      | Killed Natasha
  5444 | D:5      | Noticed Natasha
  5454 | D:5      | Killed Natasha
  5491 | D:5      | Noticed Natasha
  5494 | D:5      | Killed Natasha
  5859 | D:6      | Reached skill level 7 in Short Blades
  5928 | D:6      | Noticed Grinder
  5987 | D:6      | Killed Grinder
  5987 | D:6      | Reached skill level 1 in Throwing
  5987 | D:6      | Reached XP level 8. HP: 53/53 MP: 16/16
  6080 | D:6      | Found a staircase to the Ecumenical Temple.
  6130 | D:6      | Acquired Lugonu's third power
  6219 | D:6      | Noticed Duvessa
  6247 | D:6      | Killed Duvessa
  6268 | D:6      | Noticed Dowan
  6282 | D:6      | Killed Dowan
  6391 | D:6      | Reached skill level 8 in Short Blades
  6568 | D:6      | Reached skill level 5 in Dodging
  6596 | D:6      | Noticed Prince Ribbit
  6610 | D:6      | Killed Prince Ribbit
  6610 | D:6      | Reached XP level 9. HP: 59/59 MP: 17/17
  6848 | D:6      | Reached skill level 5 in Throwing
  7021 | D:6      | Noticed Menkaure
  7031 | D:6      | Killed Menkaure
  7420 | D:7      | Found a radiant altar of Vehumet.
  7449 | D:7      | Noticed Ijyb
  7519 | D:7      | Killed Ijyb
  7519 | D:7      | Reached skill level 9 in Short Blades
  7659 | D:7      | Reached skill level 5 in Fighting
  8303 | D:7      | Acquired Lugonu's fourth power
  8543 | D:7      | Reached XP level 10. HP: 64/68 MP: 18/18
  8689 | D:7      | Found Broumisma's Book Shoppe.
  9046 | D:8      | Reached skill level 10 in Short Blades
 10249 | D:9      | Noticed MordorOrchid's ghost (experienced DEIE)
 10263 | D:9      | Killed MordorOrchid's ghost
 10651 | D:9      | Noticed Joseph
 10654 | D:9      | Reached skill level 11 in Short Blades
 10686 | D:9      | Killed Joseph
 11653 | D:9      | Reached XP level 11. HP: 68/74 MP: 21/21
 11873 | D:9      | Noticed Psyche
 11892 | D:9      | Killed Psyche
 11984 | D:10     | Entered Level 10 of the Dungeon
 12161 | D:10     | Found Mesasew's General Store.
 12191 | D:10     | Reached skill level 12 in Short Blades
 12204 | D:10     | Acquired Lugonu's fifth power
 12226 | D:10     | Bought a potion of curing for 39 gold pieces
 12226 | D:10     | Bought 3 poisoned tomahawks for 39 gold pieces
 12306 | D:10     | Noticed a hill giant
 12326 | D:10     | Killed a hill giant
 12432 | D:10     | Found a staircase to the Lair.
 12760 | D:10     | Found a roughly hewn altar of Beogh.
 12767 | D:10     | Found a staircase to the Orcish Mines.
 12881 | D:10     | Learned a level 2 spell: Repel Missiles
 12883 | D:10     | Learned a level 1 spell: Shock
 12994 | D:10     | Noticed a hill giant
 13001 | D:10     | Killed a hill giant
 13215 | D:11     | Noticed Josephine
 13287 | Lair:1   | Entered Level 1 of the Lair of Beasts
 13408 | Lair:1   | Reached skill level 1 in Charms
 13498 | Lair:1   | Reached skill level 1 in Conjurations
 13498 | Lair:1   | Reached skill level 1 in Air Magic
 14477 | Lair:2   | Noticed a six-headed hydra
 14493 | Lair:2   | Banished a six-headed hydra
 14493 | Lair:2   | Reached XP level 12. HP: 43/84 MP: 23/23
 15051 | Lair:2   | Found a frozen archway.
 15103 | Lair:2   | Noticed an eight-headed hydra
 15189 | Lair:2   | Banished an eight-headed hydra
 16731 | Lair:3   | Reached skill level 1 in Shields
 17010 | Lair:4   | Found a staircase to the Swamp.
 17025 | Lair:4   | HP: 2/85 [poison (poison gas)]
 17275 | Lair:4   | Got an ancient helmet
 17286 | Lair:4   | Identified the +2 helmet of the Moon {MR+ Int+2} (You found it on level 4 of the Lair of Beasts)
 17379 | Lair:4   | Noticed a six-headed hydra
 17392 | Lair:4   | Killed a six-headed hydra
 17782 | Lair:4   | Reached skill level 10 in Dodging
 17839 | Lair:4   | Reached skill level 10 in Fighting
 17893 | Lair:4   | Reached XP level 13. HP: 81/92 MP: 24/24
 17910 | Lair:4   | Noticed Snorg
 17918 | Lair:4   | Banished Snorg
 18585 | Lair:5   | Reached skill level 5 in Shields
 18962 | Lair:5   | Found a staircase to the Swamp.
 19700 | Lair:6   | Found a hole to the Spider Nest.
 20847 | Orc:1    | Entered Level 1 of the Orcish Mines
 20962 | Orc:1    | Found Scherriu's Jewellery Shoppe.
 21053 | Orc:1    | Bought a +3 ring of strength for 188 gold pieces
 21177 | Orc:1    | Found a roughly hewn altar of Beogh.
 22376 | Orc:2    | Reached XP level 14. HP: 58/102 MP: 25/25
 22448 | Orc:2    | Noticed Fannar
 22477 | Orc:2    | Killed Fannar
 22587 | D:11     | Killed Josephine
 22797 | D:11     | Noticed Erica
 22814 | D:11     | Killed Erica
 24029 | D:12     | You fall through a shaft!
 24218 | D:13     | Found a radiant altar of Vehumet.
 24516 | D:13     | Got a pitted plate armour
 24527 | D:13     | Identified the cursed -4 plate armour "Rinorewn" {MR++ Dex+3 SInv} (You found it on level 13 of the Dungeon)
 24583 | D:13     | Found a blossoming altar of Fedhas.
 25247 | D:14     | Reached skill level 13 in Fighting
 25336 | D:14     | Noticed Kirke
 25364 | D:14     | Noticed a sphinx
 25400 | D:14     | Hit by a large rock thrown by a cyclops

Action                   |  1- 3 |  4- 6 |  7- 9 | 10-12 | 13-15 || total
-------------------------+-------+-------+-------+-------+-------++-------
Melee: Short sword       |    38 |       |       |       |       ||    38
       Dagger            |    54 |   158 |   364 |   945 |  1495 ||  3016
       Unarmed           |       |       |       |       |     7 ||     7
 Fire: Hunting sling     |       |       |       |    36 |     8 ||    44
       Blowgun           |       |       |       |    28 |       ||    28
Throw: Stone             |       |    48 |    23 |    90 |       ||   161
       Tomahawk          |       |    13 |    31 |    52 |       ||    96
       Throwing net      |       |       |       |     1 |       ||     1
Invok: Depart the Abyss  |     1 |       |       |       |       ||     1
       Banish            |       |       |       |     7 |    11 ||    18
Evoke: Wand              |       |       |    18 |    22 |    19 ||    59
  Use: Scroll            |       |     6 |     6 |    18 |    13 ||    43
       Potion            |       |     2 |     4 |    14 |     5 ||    25
 Stab: Sleeping          |     1 |       |       |    10 |     4 ||    15
       Confused          |       |       |     1 |       |       ||     1
       Held in net/web   |       |       |       |     1 |       ||     1
       Distracted        |       |       |       |     1 |       ||     1
       Petrifying        |       |       |       |     1 |       ||     1
  Eat: Chunk             |     2 |     2 |     3 |     5 |     4 ||    16
       Bread ration      |       |     2 |     2 |     2 |       ||     6
       Fruit             |       |       |     2 |     2 |       ||     4
       Beef jerky        |       |       |     1 |     1 |     5 ||     7
       Meat ration       |       |       |       |     2 |     4 ||     6
       Pizza             |       |       |       |     1 |       ||     1
       Royal jelly       |       |       |       |       |     1 ||     1
